 Dungeon Crawl Stone Soup version 0.16-a0-3246-g12054e0 (webtiles) character file.

106 PolkaDot the Caller (level 4, -1/35 HPs)
             Began as a Vampire Summoner on Dec 22, 2014.
             Hit by a stone thrown by a kobold (4 damage)
             ... on level 3 of the Dungeon.
             The game lasted 00:05:57 (2530 turns).

PolkaDot the Caller (Vampire Summoner)              Turns: 2530, Time: 00:05:58

Health: -1/35      AC:  2    Str:  7    XL:     4   Next: 55%
Magic:  0/7        EV: 12    Int: 18    God:
Gold:   151        SH:  0    Dex: 14    Spells: 3 memorised, 1 level left

rFire  . . .     SeeInvis +     i - +0 spear
rCold  . . .     Clarity  .     a - +0 robe
rNeg   . . .     SustAb   .     (no shield)
rPois  .         Gourm    .     (no helmet)
rElec  .         Spirit   .     (no cloak)
rCorr  .         Warding  .     (no gloves)
rMut   .         Stasis   .     (no boots)
MR     .....                    (no amulet)
Stlth  ++........               (no ring)
                                (no ring)

@: lethally poisoned, regenerating quickly, not resistant to hostile
enchantments, unstealthy
A: bottle blood, fangs 3, see invisible, unbreathing
a: no special abilities


You were on level 3 of the Dungeon.
You were very full.

You visited 1 branch of the dungeon, and saw 3 of its levels.

You collected 151 gold pieces.

Inventory:

Hand weapons
 i - a +0 spear (weapon)
Armour
 a - a +0 robe (worn)
Jewellery
 c - an uncursed ring of flight {unknown}
 g - a cursed amulet of inaccuracy {unknown}
Scrolls
 d - 4 scrolls of identify {unknown}
 e - 2 scrolls of remove curse
 j - 2 scrolls of magic mapping {unknown}
Potions
 f - a potion of degeneration {!q}
 h - a potion of cancellation {unknown}
Books
 b - a book of Callings

   Spells                             Type                      Level
   a - Summon Small Mammal            Summoning                    1
   b - Call Imp                       Summoning                    2
   c - Call Canine Familiar           Summoning                    3
   d - Summon Guardian Golem          Hexes/Summoning              4
   e - Summon Lightning Spire         Summoning/Air                4
   f - Summon Ice Beast               Ice/Summoning                4


   Skills:
 * Level 3.5 Fighting
 - Level 2.1 Dodging
 - Level 3.0 Stealth
 - Level 2.0 Spellcasting
 + Level 4.3 Summonings


You had one spell level left.
You knew the following spells:

 Your Spells              Type           Power        Failure   Level  Hunger
d - Call Canine Familiar  Summ           ###.....     12%         3    ###....
s - Call Imp              Summ           ###.....     6%          2    ###....
z - Summon Small Mammal   Summ           ###.         3%          1    #......


Dungeon Overview and Level Annotations

Branches:
Dungeon (3/15)

Altars:

Annotations:
D:3 haldagan's ghost, average TrWn


Innate Abilities, Weirdness & Mutations

Your natural rate of healing is unusually fast.
You can bottle blood from corpses.
You have razor-sharp teeth.
You have supernaturally acute eyesight.
You can survive without breathing.


Message History

The kobold shouts!
The kobold throws a stone.
The stone barely misses your hound. The stone barely misses you.
A hound comes into view.
What do you say? t - Shout!
Orders for allies: a - Attack new target. r - Retreat! s - Stop attacking. w - Wait here. f - Follow me.
Anything else - Stay silent.
Wait here!
The hound closely misses your hound.
You feel sick.
Your hound closely misses the hound.
The hound closely misses your hound.
Your hound barely misses the hound.
Casting: Call Imp
Confirm with . or Enter, or press ? or * to list all spells.
A beastly little devil appears in a puff of frigid air.
* * * LOW MAGIC WARNING * * *
The hound closely misses your hound.
The kobold throws a stone.
The stone hits you.
You die...

# #.. ..### .... +...
#... ..### ###.#.### #.#
# ........# #.# # #.....#
#.# # .#.#K....# #+#
#.### ....hh5.@# #.#
#.... #.#....5(# #.#
#..#. .....###.# ##.##
#.... #.#...>..#
##...###..#.
.....###.#####...........
#.#.............#.##..#.
#.###รท#######...##....
#.# ######.... #.......#
#####


You could see a hound, a kobold, a friendly hound, a friendly crimson imp and a
friendly white imp.

Vanquished Creatures
  A gnoll (D:3)
  An orc (D:3)
  6 giant cockroaches
  5 hobgoblins
  6 jackals
  4 kobolds
  A quokka (D:2)
  9 bats
  6 giant newts
  4 goblins
  3 rats
46 creatures vanquished.

Vanquished Creatures (collateral kills)
  4 adders
  2 gnolls (D:3)
  3 worms
  2 goblins (D:1)
  A hobgoblin (D:1)
  A kobold (D:3)
  A quokka (D:3)
14 creatures vanquished.

Vanquished Creatures (others)
  A crimson imp (D:3)
  A shadow imp (D:2)
2 creatures vanquished.

Grand Total: 62 creatures vanquished

Notes
Turn   | Place    | Note
--------------------------------------------------------------
     0 | D:1      | PolkaDot, the Vampire Summoner, began the quest for the Orb.
     0 | D:1      | Reached XP level 1. HP: 13/13 MP: 3/3
   219 | D:1      | Reached skill level 1 in Fighting
   429 | D:1      | Reached XP level 2. HP: 19/21 MP: 4/4
   443 | D:1      | Learned a level 2 spell: Call Imp
   990 | D:2      | Reached XP level 3. HP: 24/28 MP: 6/6
  1767 | D:2      | Learned a level 3 spell: Call Canine Familiar
  1822 | D:2      | Reached XP level 4. HP: 35/35 MP: 7/7
  1941 | D:3      | Noticed haldagan's ghost (average TrWn)
  2530 | D:3      | Hit by a stone thrown by a kobold

Action                   |  1- 3 |  4- 6 || total
-------------------------+-------+-------++-------
Melee: Dagger            |   183 |    22 ||   205
       Unarmed           |    18 |       ||    18
       Spear             |       |    20 ||    20
 Cast: Summon Small Mamm |     6 |       ||     6
       Call Imp          |    14 |     9 ||    23
       Call Canine Famil |       |     2 ||     2
  Use: Potion            |     3 |     2 ||     5
       Scroll            |     1 |       ||     1
 Stab: Sleeping          |     5 |     4 ||     9
       Distracted        |       |     1 ||     1
  Eat: Corpse            |    14 |     5 ||    19
